 Dungeon Crawl Stone Soup version 0.21.1-1-g345015f (webtiles) character file.

31 theblackcape the Cleaver (level 3, -8/28 HPs)
             Began as a Gnoll Wanderer on July 5, 2018.
             Mangled by a scorpion (9 damage)
             ... on level 2 of the Dungeon.
             The game lasted 00:02:32 (1483 turns).

theblackcape the Cleaver (Gnoll Wanderer)           Turns: 1483, Time: 00:02:33

Health: -8/28      AC:  2    Str: 18    XL:     3   Next: 22%
Magic:  6/6        EV: 11    Int: 12    God:
Gold:   98         SH:  0    Dex: 13    Spells: 3/3 levels left

rFire    . . .     SeeInvis .   a - +2 hand axe
rCold    . . .     Gourm    .   (no shield)
rNeg     . . .     Faith    .   c - +0 robe
rPois    .         Spirit   .   (no helmet)
rElec    .         Reflect  .   (no cloak)
rCorr    .         Harm     .   (no gloves)
MR       .....                  (no boots)
Stlth    +.........             (no amulet)
HPRegen  0.09/turn              (no ring)
MPRegen  0.10/turn              (no ring)

@: lethally poisoned (-8 -> -31)
A: distributed training, fangs 1, strong nose
a: no special abilities


You were on level 2 of the Dungeon.
You were not hungry.

You visited 1 branch of the dungeon, and saw 2 of its levels.

You collected 98 gold pieces.

Inventory:

Hand Weapons
 a - a +2 hand axe (weapon)
 g - a +0 hunting sling
 h - a cursed -1 dagger
Armour
 c - a +0 robe (worn)
Wands
 f - a wand of paralysis (12)
Scrolls
 l - a scroll of blinking
 m - a scroll of remove curse
 n - a scroll of magic mapping {unknown}
Potions
 b - 2 potions of curing
 e - a potion of might {unknown}
 i - a potion of lignification {unknown}
 j - 2 potions of invisibility {unknown}
 k - a potion of flight {unknown}
Comestibles
 d - 3 rations


   Skills:
 + Level 2.5 Fighting
 + Level 0.6 Short Blades
 + Level 0.6 Long Blades
 + Level 8.5 Axes
 + Level 0.6 Maces & Flails
 + Level 0.6 Polearms
 + Level 0.6 Staves
 + Level 0.6 Slings
 + Level 2.5 Bows
 + Level 0.6 Crossbows
 + Level 0.6 Throwing
 + Level 4.5 Armour
 + Level 0.6 Dodging
 + Level 0.6 Stealth
 + Level 0.6 Shields
 + Level 0.6 Unarmed Combat
 + Level 0.6 Spellcasting
 + Level 0.4 Conjurations
 + Level 0.4 Hexes
 + Level 0.4 Charms
 + Level 0.4 Summonings
 + Level 0.4 Necromancy
 + Level 0.4 Translocations
 + Level 0.4 Transmutations
 + Level 0.4 Fire Magic
 + Level 0.4 Ice Magic
 + Level 0.4 Air Magic
 + Level 0.4 Earth Magic
 + Level 0.4 Poison Magic
 + Level 0.8 Invocations
 + Level 4.5 Evocations


You had 3 spell levels left.
You didn't know any spells.

Dungeon Overview and Level Annotations

Branches:
Dungeon (2/15)

Altars:


Innate Abilities, Weirdness & Mutations

Your experience applies equally to all skills.
You have very sharp teeth.
Your uncanny sense of smell can sniff out nearby items.


Message History

You are too injured to fight recklessly!
You are too injured to fight recklessly!
You are too injured to fight recklessly!
You are too injured to fight recklessly!
You are too injured to fight recklessly!
You are too injured to fight recklessly!
You are too injured to fight recklessly!
You are too injured to fight recklessly!
You are too injured to fight recklessly!
You closely miss the scorpion.
The scorpion is almost dead.
You feel sick. The scorpion stings you!
* * * LOW HITPOINT WARNING * * *
You are more poisoned.
The scorpion poisons you!
You barely miss the scorpion.
The scorpion is almost dead.
* * * LOW HITPOINT WARNING * * *
You feel sick. The scorpion stings you!
You die...

.### .. #.#
.# .. #.#
#.# #.# #.#
#.# #.# #.#
#@#
#.s..<....#
#........##
+........#
#........#
##########


You could see a scorpion.

Vanquished Creatures
  4 dart slugs (D:1)
  4 goblins (D:1)
  5 hobgoblins (D:1)
  A quokka (D:2)
  3 bats
  5 frilled lizards
  2 rats
24 creatures vanquished.

Vanquished Creatures (others)
  4 toadstools (D:1)
4 creatures vanquished.

Grand Total: 28 creatures vanquished

Notes
Turn   | Place    | Note
-------+----------+-------------------------------------------
     0 | D:1      | theblackcape the Gnoll Wanderer began the quest for the Orb.
     0 | D:1      | theblackcape set off with: a +2 hand axe, 2 potions of curing, a +0 robe, a ration
     0 | D:1      | Reached XP level 1. HP: 17/17 MP: 3/3
   127 | D:1      | Reached XP level 2. HP: 23/23 MP: 5/5
   714 | D:1      | Reached XP level 3. HP: 23/28 MP: 6/6
  1476 | D:2      | Noticed a scorpion
  1483 | D:2      | HP: 1/28 [poisoned by a scorpion]
  1483 | D:2      | Mangled by a scorpion

Action                   || total
-------------------------++-------
Melee: Hand axe          ||    81
       Bite              ||     8
  Use: Scroll            ||     2
  Eat: Chunk             ||     2
Armor: Robe              ||    16
Dodge: Dodged            ||    40
